 Seeded DCSS version 0.27-a0-988-g25969acef8 (webtiles) character file.

Game seed: 20210415 (custom seed)

32 muata the Magician (level 3, -5/27 HPs)
             Began as a Djinni Transmuter on Apr 15, 2021.
             Killed from afar by Natasha (8 damage)
             ... with a magic dart
             ... on level 2 of the Dungeon.
             The game lasted 00:04:57 (2734 turns).

muata the Magician (Djinni Transmuter)              Turns: 2734, Time: 00:04:57

Health: -5/27      AC:  3    Str:  9    XL:     3   Next: 27%
Gold:   77         EV: 12    Int: 15    God:
                   SH:  0    Dex: 13

rFire    + + .     SeeInvis .   c - +0 dagger
rCold    x . .     Faith    .   (no shield)
rNeg     . . .     Spirit   .   a - +0 robe
rPois    ∞         Reflect  .   (helmet currently unavailable)
rElec    .         Harm     .   (no cloak)
rCorr    .         Rampage  .   j - +0 pair of gloves
Will     .....                  (boots unavailable)
Stlth    +.........             (no amulet)
HPRegen  0.09/turn              (no ring)
MPRegen  0.00/turn              (no ring)

@: appendages (expiring), flying, slowed, very slow
A: horns 2, flying, fire resistance 2, cold vulnerability 1, float, innate
caster, hp casting, extra vitality 1
a: End Transformation


You were on level 2 of the Dungeon.
You had temporarily grown beastly horns.
You visited 1 branch of the dungeon, and saw 2 of its levels.

You collected 77 gold pieces.

Inventory:

Hand Weapons
 c - a +0 dagger (weapon)
Missiles
 d - 28 stones (quivered)
Armour
 a - a +0 robe (worn)
 j - a +0 pair of gloves (worn)
Jewellery
 g - an amulet of magic regeneration
Scrolls
 e - a scroll of noise {unknown}
 h - a scroll of immolation {unknown}
 i - a scroll of holy word {unknown}
Potions
 b - a potion of magic {unknown}
 f - a potion of lignification {unknown}


   Skills:
 - Level 1.0 Fighting
 - Level 2.1 Dodging
 - Level 3.0 Unarmed Combat
 + Level 3.1 Spellcasting


You couldn't memorise any spells.
You knew the following spells:

 Your Spells              Type           Power      Damage    Failure   Level
a - Beastly Appendage     Tmut           22%        N/A       5%          1
b - Wereblood             Tmut           11%        N/A       9%          2
c - Spider Form           Tmut/Pois      5%         N/A       17%         3
d - Ice Form              Ice/Tmut       11%        N/A       50%         4
e - Hydra Form            Tmut           5%         N/A       83%         5
f - Foxfire               Conj/Fire      44%        2x1d6     5%          1
Your spell library was empty.

Dungeon Overview and Level Annotations

Branches:
Dungeon (2/15)

Altars:

Annotations:
D:2 Natasha


Innate Abilities, Weirdness & Mutations

You have temporarily grown beastly horns.
You are flying.
You are immune to poison.
Your flesh is very heat resistant. (rF++)
You are vulnerable to cold. (rC-)
You float through the air rather than walking.
You learn spells naturally, not from books.
Your magical power is your life essence.
You have superior vitality. (+4 HP)


Message History

Casting: Foxfire (safe; 5% risk of failure)
Confirm with . or Enter, or press ? or * to list all spells.
You conjure some foxfire!
The foxfire hits Natasha.
Natasha is lightly wounded.
Your foxfire dissipates!
Natasha closely misses you.
Casting: Foxfire (safe; 5% risk of failure)
Confirm with . or Enter, or press ? or * to list all spells.
You conjure some foxfire!
Natasha claws you but does no damage.
Casting: Foxfire (safe; 5% risk of failure)
Confirm with . or Enter, or press ? or * to list all spells.
You grow a pair of large bovine horns.
The foxfire hits Natasha.
Natasha is moderately wounded.
The foxfire hits Natasha.
Natasha is heavily wounded.
Natasha claws you! Natasha claws you but does no damage.
You barely miss Natasha.
Natasha is heavily wounded.
Natasha closely misses you.
You closely miss Natasha.
Natasha is heavily wounded.
Natasha casts a spell at you. The magic dart hits you!
Natasha casts a spell at you. The magic dart hits you.
* * * LOW HITPOINT WARNING * * *
You hit Natasha.
Natasha is heavily wounded.
Natasha claws you.
* * * LOW HITPOINT WARNING * * *
You hit Natasha but do no damage.
Natasha is heavily wounded.
Natasha misses you. Natasha barely misses you.
You closely miss Natasha.
Natasha is heavily wounded.
Your transformation is almost over.
Natasha casts a spell at you. The magic dart hits you!
You die...

..≈≈..........≈≈..#.#
#..≈..........≈(....#
#.......†.......#.###
..#......≈.....#..#
..##....≈⌠≈...##.##
...######..##....#
.#.§.# #.# ####.#
.###.## ##.# .
#..###.## ##.@# #
##......# #.h##
######..##.## #. #.
.. .. ##. ..


You could see Natasha.

Vanquished Creatures
  3 endoplasms (D:1)
  A giant cockroach (D:1)
  5 goblins
  2 hobgoblins (D:1)
  3 jackals (D:1)
  3 quokkas
  4 ball pythons
  2 bats (D:1)
  4 frilled lizards
  A rat (D:2)
28 creatures vanquished.

Vanquished Creatures (others)
  17 foxfires (D:2)
17 creatures vanquished.

Grand Total: 45 creatures vanquished

Notes
Turn   | Place    | Note
-------+----------+-------------------------------------------
     0 | D:1      | muata the Djinni Transmuter began the quest for the Orb.
     0 | D:1      | Reached XP level 1. HP: 17/17 MP: 0/0
   517 | D:1      | Reached XP level 2. HP: 3/22 MP: 0/0
  2368 | D:1      | Reached XP level 3. HP: 23/27 MP: 0/0
  2368 | D:1      | Learned a level 1 spell: Foxfire
  2723 | D:2      | Noticed Natasha
  2734 | D:2      | Killed from afar by Natasha

Illustrated notes

Levels and vault maps discovered:
D:1:      elethiomel_arrival_shortcut, layout_basic, dk_noncrumbling_3
D:2:      layout_rooms, kennysheep_decorative_pillar, kennysheep_generic_room_6,
          uniq_natasha, uniq_robin

Skill      XL: |  1  2  3 |
---------------+----------+-----
Spellcasting   | 2 3 |  3.1
Fighting       | |  1.0
Dodging        | |  2.1
Unarmed Combat | |  3.0

Action                   || total
-------------------------++-------
Melee: Unarmed           ||    31
       Headbutt          ||     8
       Punch             ||     2
       Dagger            ||   106
Throw: Stone             ||     5
 Cast: Beastly Appendage ||    10
       Wereblood         ||     1
       Foxfire           ||     9
Armor: Robe              ||    28
Dodge: Dodged            ||    93

Table legend: (Time is in decaauts)
 A = Elapsed time spent in this place.
 B = Non-inter-level travel time spent in this place.
 C = Inter-level travel time spent in this place.
 D = Time resting spent in this place.
 E = Time spent auto-exploring this place.
 F = Levels seen in this place.
 G = Mean time per level.
                   A        B        C        D        E       F      G
               +--------+--------+--------+--------+--------+-----+--------+
         Total |   2737 |   2594 |    143 |   1221 |    988 |   2 | 1368.5 |
       Dungeon |   2737 |   2594 |    143 |   1221 |    988 |   2 | 1368.5 |
               +--------+--------+--------+--------+--------+-----+--------+

Top non-repeatable levels by time:
     D:1: 2592 daAuts
     D:2: 144 daAuts
